 Seeded DCSS version 0.30-a0-738-g116ff8c4af (webtiles) character file.

Game seed: 7722125272328680704 (custom seed)

361 purpskrrrp the Conjurer (level 6, -8/45 HPs)
             Began as a Demigod Conjurer on Feb 3, 2023.
             Mangled by Duvessa
             ... wielding a +0 rapier
              (20 damage)
             ... on level 4 of the Dungeon.
             The game lasted 00:06:49 (3435 turns).

purpskrrrp the Conjurer (Demigod Conjurer)          Turns: 3435, Time: 00:06:50

Health: -8/45      AC:  9    Str:  8    XL:     6   Next: 15%
Magic:  11/13      EV: 12    Int: 28    God:
Gold:   209        SH:  0    Dex: 12    Spells: 8/11 levels left

rFire   . . .      SeeInvis .    m - +5 quarterstaff (chaos)
rCold   . . .      Faith    .    (shield currently unavailable)
rNeg    . . .      Spirit   .    a - +0 robe
rPois   .          Reflect  .    g - +0 helmet
rElec   .          Harm     .    l - +2 cloak {Stlth+}
rCorr   .          Rampage  .    e - +2 pair of gloves
Will    .....                    (no boots)
Stlth   +++                      (no amulet)
HPRegen 0.27/turn                o - +4 ring of slaying
MPRegen 0.13/turn                (no ring)

@: no status effects
A: high MP 1, forlorn, divine attributes
a: no special abilities


You were on level 4 of the Dungeon.
You visited 1 branch of the dungeon, and saw 4 of its levels.

You collected 209 gold pieces.

Inventory:

Hand Weapons
 j - a +1 long sword
 m - a +5 quarterstaff of chaos (weapon)
Armour
 a - a +0 robe (worn)
 e - a +2 pair of gloves (worn)
 g - a +0 helmet (worn)
 l - a +2 cloak of stealth (worn)
Jewellery
 f - a ring of flight
 o - a +4 ring of slaying (left hand)
Wands
 c - a wand of charming (9)
Scrolls
 i - a scroll of teleportation
Potions
 b - 2 potions of magic
 d - a potion of resistance
 h - a potion of flight
 n - a potion of curing
 p - a potion of degeneration {unknown}


   Skills:
 + Level 3.3 Dodging
 + Level 3.5 Stealth
 + Level 3.1 Spellcasting
 * Level 4.7 Conjurations
 * Level 0.5 Evocations


You had 8 spell levels left.
You knew the following spells:

 Your Spells              Type           Power      Damage    Failure   Level
a - Magic Dart            Conj           100%       1d8       1%          1
b - Searing Ray           Conj           62%        2d6       1%          2

Your spell library contained the following spells:

 Spells                   Type           Power      Damage    Failure   Level
 Dazzling Flash           Conj/Hex       34%        N/A       9%          3
 Inner Flame              Hex/Fire       4%         N/A       24%         3
 Flame Wave               Conj/Fire      17%        2d7       30%         4
 Fulminant Prism          Conj/Hex       8%         3d7       30%         4
 Iskenderun's Mystic Bla  Conj/Tloc      17%        2d5       30%         4
 Sticky Flame             Conj/Fire      17%        2d4       30%         4


Dungeon Overview and Level Annotations

Branches:
Dungeon (4/15)
 Temple: D:4-7

Annotations:
D:4 Duvessa


Innate Abilities, Weirdness & Mutations

You have an increased reservoir of magic. (+10% MP)
You shall have no god before yourself.
Your divine heritage dramatically boosts your attributes as you level up.


Message History

o - a +4 ring of slaying (left hand)
You now have 209 gold pieces (gained 8).
p - a coppery potion
Found a stone staircase leading down.
Duvessa and Dowan come into view.
Duvessa is wielding a +0 rapier and carrying a wand of light (10).
As you read the scroll of identify, it crumbles to dust.
n - a potion of curing Dowan shouts!
Duvessa shouts!
Casting: Magic Dart (safe; 1% risk of failure)
Confirm with . or Enter, or press ? or * to list all spells.
You can't see any susceptible monsters within range! (Use Z to cast anyway.)
The magic dart hits Dowan!
Dowan is moderately wounded.
The magic dart hits Dowan.
Dowan is heavily wounded.
Aiming: Charm
Press: ? - help, Shift-Dir - straight line, f/p - Dowan
Aim: Dowan, wielding a +0 dagger and wearing a +0 robe (heavily wounded, chance to affect: 50%) Dowan resists with some effort.
Duvessa says, "My weaknesses are his strengths!"
Aiming: Charm
Press: ? - help, Shift-Dir - straight line, f/p - Dowan
Aim: Dowan, wielding a +0 dagger and wearing a +0 robe (heavily wounded, chance to affect: 50%) Dowan is charmed.
Duvessa zaps a wand.
The bolt of light hits Dowan!!
Dowan dies!
Duvessa screams in horror.
Duvessa goes berserk!
The bolt of light hits you!
You are confused.
You're too confused to cast spells.
You bump into the rock wall.
You bump into the rock wall.
Duvessa hits you with a +0 rapier!
You are too confused!
You closely miss Duvessa.
You feel less confused. Duvessa hits you with a +0 rapier!
* * * LOW HITPOINT WARNING * * *
Duvessa hits you with a +0 rapier!!
You die...

.......## ........#
........# ....
........# ....
.....)..## .....
.........## .....
......##..## <.....
....#####..##
###...... ...##
###...####@e......
..##
##......##..#......
.## ##..........##
..... ##
#..........## ....
##..........## ...
#............# ..
#............## .
##.............#
###..............##


You could see Duvessa (berserk).

Vanquished Creatures
  Sigmund (D:2)
  Crazy Yiuf (D:3)
  An iguana (D:4)
  Terence (D:3)
  4 adders
  An ufetubus (D:4)
  3 worms (D:2)
  3 dart slugs
  4 orcs
  4 ball pythons (D:2)
  4 endoplasms
  A hobgoblin (D:4)
  4 jackals
  3 bats
  5 goblins
  A kobold (D:2)
  3 rats
44 creatures vanquished.

Vanquished Creatures (others)
  Dowan (D:4)
  2 fungi (D:3)
3 creatures vanquished.

Grand Total: 47 creatures vanquished

Notes
Turn   | Place    | Note
-------+----------+-------------------------------------------
     0 | D:1      | purpskrrrp the Demigod Conjurer began the quest for the
                  | Orb.
     0 | D:1      | Reached XP level 1. HP: 14/14 MP: 5/5
   681 | D:1      | Reached XP level 2. HP: 20/20 MP: 2/7
  1240 | D:2      | Noticed Sigmund
  1269 | D:2      | Killed Sigmund
  1270 | D:2      | Reached skill level 4 in Conjurations
  1270 | D:2      | Reached XP level 3. HP: 4/26 MP: 7/9
  1270 | D:2      | Reached XP level 4. HP: 5/33 MP: 8/11
  1270 | D:2      | Reached XP level 5. HP: 6/38 MP: 8/12
  1897 | D:3      | Noticed Terence
  1906 | D:3      | Killed Terence
  2657 | D:3      | Learned a level 2 spell: Searing Ray
  2669 | D:3      | Found a runed translucent door.
  2670 | D:3      | Noticed Crazy Yiuf
  2682 | D:3      | Killed Crazy Yiuf
  3296 | D:4      | Reached XP level 6. HP: 45/45 MP: 6/13
  3427 | D:4      | Noticed Duvessa
  3427 | D:4      | Noticed Dowan
  3432 | D:4      | Your ally Dowan died
  3435 | D:4      | Mangled by Duvessa

Illustrated notes

Levels and vault maps discovered:
D:1:      amcnicky_arrival_gap_in_the_tavern_cellar, layout_basic
D:2:      layout_basic, uniq_sigmund
D:3:      layout_loops_ring, nicolae_uskayaw_murder_on_the_dancefloor,
          uniq_terence, uniq_crazy_yiuf_cottage
D:4:      layout_cave_pods, uniq_duvessa, uniq_robin

Skill      XL: |  1  2  3  4  5 |
---------------+----------------+-----
Dodging        | 2 3 |  3.3
Stealth        | 2 3 |  3.5
Spellcasting   | 2 3 |  3.1
Conjurations   | 4 |  4.7
Evocations     | |  0.5

Action                     |  1- 3 |  4- 6 || total
---------------------------+-------+-------++-------
  Melee: Unarmed           |    15 |       ||    15
         Long sword        |    27 |    26 ||    53
         Punch             |     1 |       ||     1
         Quarterstaff      |       |     8 ||     8
   Cast: Magic Dart        |    39 |    64 ||   103
         Searing Ray       |       |     2 ||     2
  Evoke: Wand              |       |     2 ||     2
    Use: Potion            |     1 |       ||     1
         Scroll            |       |     7 ||     7
   Stab: Sleeping          |     1 |       ||     1
 Armour: Skin              |     8 |       ||     8
         Robe              |     6 |    17 ||    23
  Dodge: Dodged            |    14 |    20 ||    34

Table legend: (Time is in decaauts)
 A = Elapsed time spent in this place.
 B = Non-inter-level travel time spent in this place.
 C = Inter-level travel time spent in this place.
 D = Time resting spent in this place.
 E = Time spent auto-exploring this place.
 F = Levels seen in this place.
 G = Mean time per level.
                   A        B        C        D        E       F      G
               +--------+--------+--------+--------+--------+-----+--------+
         Total |   3456 |   3335 |    121 |    467 |   2428 |   4 |  864.0 |
       Dungeon |   3456 |   3335 |    121 |    467 |   2428 |   4 |  864.0 |
               +--------+--------+--------+--------+--------+-----+--------+

Top non-repeatable levels by time:
     D:3: 1079 daAuts
     D:2: 1071 daAuts
     D:1: 830 daAuts
     D:4: 475 daAuts
